 Dungeon Crawl Stone Soup version 0.25.1-2-g60ff931df9 (webtiles) character file.

Game seed: 9434213347750078708

11637 gruber the Tainter (level 11, -6/61 HPs)
             Began as an Octopode Venom Mage on Nov 3, 2020.
             Was an Elder of Vehumet.
             Mangled by a phantom (8 damage)
             ... on level 10 of the Dungeon.
             The game lasted 00:30:28 (13058 turns).

gruber the Tainter (Octopode Venom Mage)           Turns: 13058, Time: 00:30:28

Health: -6/61      AC:  3    Str:  7    XL:     11   Next: 80%
Magic:  12/26      EV: 13    Int: 20    God:    Vehumet [****..]
Gold:   561        SH:  0    Dex: 14    Spells: 12/32 levels left

rFire    + + .     SeeInvis .   K - +0 spear (vorpal)
rCold    x . .     Gourm    .   (no shield)
rNeg     . . .     Faith    .   r - +2 hat
rPois    .         Spirit   .   (no amulet)
rElec    +         Reflect  .   m - ring of protection from magic
rCorr    .         Harm     .   A - ring of fire
MR       ++...                  G - ring of Zazorr {+Blink rElec rF+ MR+ Stlth+}
Stlth    ++++......             (no ring)
HPRegen  0.20/turn              (no ring)
MPRegen  0.20/turn              (no ring)
                                (no ring)
                                (no ring)

@: no status effects
A: almost no armour, stealthy swim, amphibious, 8 rings, constrict 8, camouflage
1, gelatinous body 1
a: Renounce Religion, Evoke Blink


You were on level 10 of the Dungeon.
You worshipped Vehumet.
Vehumet was greatly pleased with you.
You were hungry.

You visited 1 branch of the dungeon, and saw 10 of its levels.

You collected 561 gold pieces.

Inventory:

Hand Weapons
 C - a +1 war axe of pain
 K - a +0 vorpal spear (weapon)
Armour
 r - a +2 hat (worn)
 E - the +3 hat of Pondering {ponderous, MR+ MP+10 Int+5}
   (You took it off Gastronok on level 9 of the Dungeon)

   It affects your intelligence (+5).
   It affects your resistance to hostile enchantments.
   It affects your magic capacity (+10).
Jewellery
 m - a ring of protection from magic (left tentacle)
 A - a ring of fire (right tentacle)
 G - the ring of Zazorr (on tentacle) {+Blink rElec rF+ MR+ Stlth+}
   (You took it off an orc on level 9 of the Dungeon)

   [ring of protection from fire]

   It protects you from fire.
   It insulates you from electricity.
   It affects your resistance to hostile enchantments.
   It lets you blink.
   It makes you more stealthy.
Wands
 y - a wand of clouds (3)
Scrolls
 a - 3 scrolls of fog
 c - a scroll of remove curse
 f - 8 scrolls of teleportation
 h - 3 scrolls of enchant armour
 q - 8 scrolls of identify
 s - 2 scrolls of enchant weapon
 w - a scroll of magic mapping {unknown}
 x - a scroll of fear {unknown}
 z - a scroll of immolation {unknown}
 B - a scroll of amnesia {unknown}
 F - a scroll of silence {unknown}
 I - 4 scrolls of noise {unknown}
Potions
 d - 2 potions of mutation
 e - 4 potions of flight {unknown}
 g - a potion of might {unknown}
 i - 2 potions of magic {unknown}
 j - 4 potions of curing
 k - 5 potions of degeneration {unknown}
 l - 2 potions of brilliance {unknown}
 n - a potion of cancellation {unknown}
 o - 2 potions of ambrosia {unknown}
 p - 5 potions of lignification {unknown}
 t - a potion of haste {unknown}
 v - 2 potions of stabbing {unknown}
 D - a potion of resistance {unknown}
 H - a potion of invisibility {unknown}
Comestibles
 b - 23 rations


   Skills:
 - Level 2.0 Dodging
 - Level 2.6 Stealth
 - Level 11.3 Spellcasting
 - Level 8.3 Conjurations
 - Level 2.0 Translocations
 - Level 1.0 Transmutations
 - Level 1.0 Fire Magic
 - Level 1.1 Air Magic
 * Level 12.8 Poison Magic


You had 12 spell levels left.
You knew the following spells:

 Your Spells              Type           Power        Failure   Level  Hunger
a - Sting                 Tmut/Pois      ####         1%          1    None
b - Mephitic Cloud        Conj/Pois/Air  #####...     1%          3    None
c - Ignite Poison         Fire/Tmut/Pois #####...     1%          3    None
d - Olgreb's Toxic Radia  Pois           ######..     1%          4    ##.....
e - Searing Ray           Conj           #####.       1%          2    None
f - Blink                 Tloc           N/A          4%          2    None
g - Fireball              Conj/Fire      #####.....   7%          5    ####...

Your spell library contained the following spells:

 Spells                   Type           Power        Failure   Level  Hunger
 Magic Dart               Conj           ####         1%          1    None
 Poisonous Vapours        Pois/Air       #####.       1%          2    None
 Conjure Flame            Conj/Fire      #####...     1%          3    None
 Dazzling Flash           Conj/Hex       ####..       1%          3    None
 Corona                   Hex            ##.....      6%          1    None
 Infusion                 Chrm           ##..         6%          1    None
 Shroud of Golubria       Chrm/Tloc      ###...       6%          2    None
 Call Imp                 Summ           ##......     9%          2    None
 Ensorcelled Hibernation  Hex/Ice        ##....       9%          2    None
 Slow                     Hex            ##......     9%          2    None
 Song of Slaying          Chrm           ##......     9%          2    None
 Confusing Touch          Hex            ##......     19%         3    None
 Ozocubu's Armour         Chrm/Ice       ##......     19%         3    None
 Spectral Weapon          Hex/Chrm       ##......     19%         3    None
 Tukima's Dance           Hex            ##......     19%         3    None


Dungeon Overview and Level Annotations

Branches:
Dungeon (10/15)            Temple (0/1) D:7            Lair (0/6) D:9
    Orc: D:9-12

Altars:
Cheibriados
Dithmenos
Hepliaklqana
Kikubaaqudgha
Nemelex Xobeh
Okawaru
Sif Muna
Trog
Uskayaw
Vehumet
Wu Jian
Zin

Shops:
D:5 *   D:7 %

Annotations:
D:3 Sigmund


Innate Abilities, Weirdness & Mutations

You cannot wear most types of armour.
You are very stealthy in the water. (Stealth+)
You are amphibious.
You can wear up to eight rings at the same time.
You can use your tentacles to constrict eight enemies at once.
Your skin changes colour to match your surroundings (Stealth+).
Your rubbery body absorbs attacks. (AC +1, EV +1)


Message History

You kill the yak!
Vehumet accepts your kill.
You feel your power returning. The phantom hits you!
* * * LOW HITPOINT WARNING * * *
The ogre zombie is engulfed in blazing flames.
You destroy the ogre zombie!
Vehumet accepts your kill.
Unknown command.
Casting: Ignite Poison (safe; 1% risk of failure)
Confirm with . or Enter, or press ? or * to list all spells.
Aiming: Searing Ray (safe; 1% risk of failure)
Press: ? - help, Shift-Dir - straight line, f - phantom
Aim: a phantom (severely damaged)
The searing ray hits the phantom!
The phantom is almost destroyed. (Press . to maintain the ray.)
Your toxic aura wanes.
The ogre zombie is engulfed in blazing flames.
The phantom hits you!
You die...

. .#### #...# ## .
#...# .. .. #...# .#
○.. ## #...# ○# ☼☼..
.. #...# ##○#Z°...
.. #...# #☼☼ZZZ...
..########...###@#
.....[).##.....#W##
#....##.....##....#
#....######..###..##
#....# #..###...#
#>...# #...##...#
#....# #........#
#....# ##>###...#
#....# #.# #.#.#


You could see a phantom, an orc zombie and 3 ogre zombies.

Vanquished Creatures
  Gastronok (D:9)
  Harold (D:8)
  2 two-headed ogres
  Pikel (D:4)
  Maggie (D:7)
  A queen bee (D:8)
  A hippogriff (D:9)
  4 yaks (D:10)
  2 basilisks (D:9)
  2 hungry ghosts
  A water moccasin (D:5)
  4 porcupines (D:9)
  4 phantoms
  2 black bears (D:9)
  4 slaves (D:4)
  3 orc warriors
  3 sky beasts
  2 ice beasts
  4 ogres
  2 centaurs
  A wolf (D:9)
  3 crocodiles (D:9)
  2 bullfrogs
  4 scorpions
  25 killer bees
  4 wights
  A bullfrog zombie (D:10)
  A crimson imp (D:6)
  An iron imp (D:7)
  2 jellies
  3 orc priests (D:9)
  A bullfrog skeleton (D:5)
  2 hounds
  9 orc wizards
  3 centaur skeletons
  8 iguanas
  14 worker ants
  3 ogre zombies (D:10)
  2 howler monkey zombies
  4 gnolls (D:7)
  13 adders
  A howler monkey skeleton (D:9)
  2 oozes
  2 adder zombies
  3 worms
  A dart slug (D:4)
  5 leopard geckos
  44 orcs
  8 giant cockroaches
  10 goblins
  11 hobgoblins
  7 jackals
  3 quokkas
  2 ball pythons
  10 bats
  7 frilled lizards
  2 goblin zombies (D:10)
  3 hobgoblin skeletons (D:10)
  A hobgoblin zombie (D:10)
  15 kobolds
  5 orc skeletons (D:10)
  7 orc zombies (D:10)
  A quokka zombie (D:7)
  11 rats
  A butterfly (D:7)
313 creatures vanquished.

Vanquished Creatures (others)
  2 plants (D:9)
2 creatures vanquished.

Grand Total: 315 creatures vanquished

Notes
Turn   | Place    | Note
-------+----------+-------------------------------------------
     0 | D:1      | gruber the Octopode Venom Mage began the quest for the Orb.
     0 | D:1      | Reached XP level 1. HP: 11/11 MP: 3/3
   186 | D:1      | Reached skill level 4 in Poison Magic
   452 | D:1      | Reached XP level 2. HP: 17/17 MP: 1/5
  1449 | D:1      | Reached XP level 3. HP: 21/21 MP: 1/6
  2099 | D:2      | Found an ancient bone altar of Kikubaaqudgha.
  2123 | D:2      | Reached skill level 5 in Poison Magic
  2208 | D:2      | You fall into a shaft and drop 1 floor!
  2229 | D:3      | Learned a level 3 spell: Mephitic Cloud
  2233 | D:3      | Learned a level 3 spell: Ignite Poison
  2246 | D:3      | Reached XP level 4. HP: 26/27 MP: 2/7
  3032 | D:3      | Noticed Sigmund
  3162 | D:2      | Reached XP level 5. HP: 27/31 MP: 1/9
  3429 | D:2      | Found a radiant altar of Vehumet.
  3441 | D:2      | Became a worshipper of Vehumet
  3559 | D:2      | Found a shimmering blue altar of Sif Muna.
  4625 | D:3      | Noticed a shadow
  4626 | D:3      | Found a shadowy altar of Dithmenos.
  4627 | D:3      | Found a hazy altar of Hepliaklqana.
  4803 | D:4      | Noticed an ogre
  4808 | D:4      | Killed an ogre
  4808 | D:4      | Reached XP level 6. HP: 36/36 MP: 0/13
  4936 | D:4      | Learned a level 4 spell: Olgreb's Toxic Radiance
  5012 | D:4      | Noticed a slave
  5036 | D:4      | Killed a slave
  5138 | D:4      | Reached skill level 5 in Spellcasting
  5167 | D:4      | Found a sparkling altar of Nemelex Xobeh.
  5329 | D:4      | Reached skill level 1 in Conjurations
  5370 | D:4      | Reached skill level 1 in Air Magic
  5446 | D:4      | Reached * piety under Vehumet
  5446 | D:4      | Offered knowledge of Freeze by Vehumet.
  5542 | D:4      | Reached XP level 7. HP: 41/41 MP: 9/14
  5606 | D:4      | Reached skill level 1 in Fire Magic
  5685 | D:4      | Noticed Pikel
  5754 | D:4      | Killed Pikel
  5754 | D:4      | Reached skill level 8 in Poison Magic
  5754 | D:4      | Reached XP level 8. HP: 46/46 MP: 1/15
  6009 | D:4      | Reached skill level 9 in Poison Magic
  6159 | D:5      | Entered Level 5 of the Dungeon
  6291 | D:5      | Reached skill level 10 in Poison Magic
  6769 | D:5      | Reached skill level 11 in Poison Magic
  7212 | D:5      | Found Gehobaenyo's Serpentskin Sales.
  7219 | D:5      | Reached XP level 9. HP: 39/51 MP: 7/16
  7447 | D:6      | Reached ** piety under Vehumet
  7447 | D:6      | Offered knowledge of Searing Ray by Vehumet.
  7452 | D:6      | Learned a level 2 spell: Searing Ray
  7568 | D:6      | Reached skill level 12 in Poison Magic
  7580 | D:6      | Learned a level 2 spell: Blink
  7657 | D:6      | Reached skill level 1 in Translocations
  7794 | D:6      | Found a glowing silver altar of Zin.
  8440 | D:7      | Found a hide-covered altar of Uskayaw.
  8446 | D:7      | Offered knowledge of Static Discharge by Vehumet.
  8520 | D:7      | Found an ornate altar of the Wu Jian Council.
  8588 | D:7      | Found Byfih Leyti's Food Shop.
  8835 | D:7      | Found a snail-covered altar of Cheibriados.
  8871 | D:7      | Found a staircase to the Ecumenical Temple.
  8878 | D:7      | Reached skill level 5 in Conjurations
  9288 | D:7      | Found an iron altar of Okawaru.
  9342 | D:7      | Noticed Maggie
  9347 | D:7      | Killed Maggie
  9517 | D:7      | Reached *** piety under Vehumet
  9624 | D:8      | Reached XP level 10. HP: 39/56 MP: 8/17
  9824 | D:8      | Found a bloodstained altar of Trog.
 10098 | D:8      | Noticed a two-headed ogre
 10104 | D:8      | Killed a two-headed ogre
 10307 | D:8      | Noticed Harold
 10312 | D:8      | Killed Harold
 10424 | D:8      | Offered knowledge of Hailstorm by Vehumet.
 10911 | D:9      | Reached XP level 11. HP: 41/61 MP: 16/23
 11107 | D:9      | Reached **** piety under Vehumet
 11219 | D:9      | Offered knowledge of Fireball by Vehumet.
 11219 | D:9      | Identified the ring of Zazorr {+Blink rElec rF+ MR+ Stlth+}
 11507 | D:9      | Found a staircase to the Lair.
 11723 | D:9      | Noticed Gastronok
 11730 | D:9      | Killed Gastronok
 11730 | D:9      | Reached skill level 10 in Spellcasting
 12122 | D:9      | Noticed a two-headed ogre
 12127 | D:9      | Killed a two-headed ogre
 12545 | D:10     | Entered Level 10 of the Dungeon
 12554 | D:9      | Learned a level 5 spell: Fireball
 13057 | D:10     | HP: 2/61 [phantom (7)]
 13058 | D:10     | Mangled by a phantom

Illustrated notes

Levels and vault maps discovered:
D:1:      roderic_octagonal_star, layout_basic, serial_curves, eino_curves_04,
          eino_curves_02, minivault_25
D:2:      layout_rooms, kiku_gazebo_pond_becter, marbit_many_paths, led_sif_pool
D:3:      minmay_evil_eye, layout_loops_ring,
          riverfiend_overflow_shadow_ancestor, minmay_curled_crystal,
          uniq_sigmund
D:4:      layout_basic, nemelex_xobeh_ov_fountains_minmay, uniq_pikel
D:5:      layout_cave_pools, first_ration, guppyfry_shop_venom
D:6:      layout_basic, zin_academy
D:7:      layout_gridville, slow_altar_2, eat_drink_and_be_merry_uskayaw,
          lemuel_round_altar, lemuel_crystal_altar,
          minmay_temple_entry_butterflies, serial_shops, kennysheep_mini,
          uniq_maggie
D:8:      layout_rooms, david_nohive_1, minivault_25, trog_butcher_becter,
          uniq_harold
D:9:      corexii_shack_village, layout_loops_ring, minmay_lair_entry_grove,
          uniq_gastronok
D:10:     layout_rooms, zombieorc2_lemuel

Skill      XL: |  1  2  3  4  5  6  7  8  9 10 11 |
---------------+----------------------------------+-----
Poison Magic   | 4 5 8 11 12 | 12.8
Spellcasting   | 3 4 5 8 11 | 11.3
Conjurations   | 1 2 7 8 |  8.3
Air Magic      | 1 |  1.1
Fire Magic     | 1 |  1.0
Translocations | 2 |  2.0
Dodging        | |  2.0
Stealth        | |  2.6
Transmutations | |  1.0

Action                   |  1- 3 |  4- 6 |  7- 9 | 10-12 || total
-------------------------+-------+-------+-------+-------++-------
Melee: Unarmed           |    64 |    36 |       |       ||   100
       Constrict         |    22 |     6 |     9 |    14 ||    51
       Tentacles         |    13 |     9 |    10 |    16 ||    48
       Whip              |       |       |    56 |     4 ||    60
       Hand axe          |       |       |       |    24 ||    24
       Short sword       |       |       |       |     6 ||     6
       Spear             |       |       |       |    21 ||    21
 Cast: Sting             |    31 |   101 |     5 |     2 ||   139
       Ignite Poison     |       |     1 |    26 |    36 ||    63
       Mephitic Cloud    |       |     1 |    13 |     9 ||    23
       Olgreb's Toxic Ra |       |     7 |    39 |    60 ||   106
       Searing Ray       |       |       |     7 |    19 ||    26
Evoke: Wand              |       |       |       |     1 ||     1
  Use: Scroll            |       |       |       |     6 ||     6
 Stab: Sleeping          |    10 |       |       |     5 ||    15
       Distracted        |       |     1 |       |       ||     1
  Eat: Chunk             |     4 |    12 |    18 |    15 ||    49
       Ration            |       |       |     1 |       ||     1
Armor: Skin              |     5 |     3 |     9 |    10 ||    27
Dodge: Dodged            |    35 |    53 |    67 |    44 ||   199
